 Dungeon Crawl Stone Soup version 0.29.1-4-g47bece8355 (webtiles) character file.

Game seed: 8889797937752787153

37 fantasyman the Grave Robber (level 3, -2/26 HPs)
             Began as a Demigod Necromancer on Dec 3, 2022.
             Slain by a worm (11 damage)
             ... on level 2 of the Dungeon.
             The game lasted 00:02:43 (1620 turns).

fantasyman the Grave Robber (Demigod Necromancer)   Turns: 1620, Time: 00:02:44

Health: -2/26      AC:  2    Str:  9    XL:     3   Next: 8%
Magic:  0/8        EV: 12    Int: 21    God:
Gold:   55         SH:  0    Dex: 14    Spells: 5/6 levels left

rFire   . . .      SeeInvis .   g - +0 dagger (venom)
rCold   . . .      Faith    .   (no shield)
rNeg    . . .      Spirit   .   a - +0 robe
rPois   .          Reflect  .   (no helmet)
rElec   .          Harm     .   (no cloak)
rCorr   .          Rampage  .   (no gloves)
Will    .....                   (no boots)
Stlth   ++........              (no amulet)
HPRegen 0.08/turn               (no ring)
MPRegen 0.11/turn               (no ring)

@: no status effects
A: high MP 1, forlorn, divine attributes
a: no special abilities


You were on level 2 of the Dungeon.
You visited 1 branch of the dungeon, and saw 2 of its levels.

You collected 55 gold pieces.

Inventory:

Hand Weapons
 g - a +0 dagger of venom (weapon)
Armour
 a - a +0 robe (worn)
Scrolls
 c - a scroll of amnesia {unknown}
 d - a scroll of enchant armour {unknown}
 e - a scroll of teleportation {unknown}
 f - a scroll of poison {unknown}
 h - 2 scrolls of identify {unknown}
Potions
 b - a potion of magic
 i - a potion of curing {unknown}


   Skills:
 * Level 0.2 Fighting
 * Level 1.9 Dodging
 * Level 2.0 Stealth
 * Level 2.2 Spellcasting
 * Level 4.2 Necromancy


You had 5 spell levels left.
You knew the following spells:

 Your Spells              Type           Power      Damage    Failure   Level
a - Necrotise             Necr           80%        1d8       2%          1

Your spell library contained the following spells:

 Spells                   Type           Power      Damage    Failure   Level
 Vampiric Draining        Necr           20%        2d7       8%          3
 Animate Dead             Necr           20%        N/A       26%         4
 Agony                    Necr           20%        N/A       56%         5
 Borgnjor's Vile Clutch   Necr/Erth      5%         N/A       86%         5
 Alistair's Intoxication  Tmut/Pois      1%         N/A       99%         5
 Eringya's Noxious Bog    Tmut/Pois      1%         N/A       100%        6


Dungeon Overview and Level Annotations

Branches:
Dungeon (2/15)


Innate Abilities, Weirdness & Mutations

You have an increased reservoir of magic. (+10% MP)
You shall have no god before yourself.
Your divine heritage dramatically boosts your attributes as you level up.


Message History

The endoplasm freezes you.
You are frozen.
The endoplasm writhes in agony.
Your frilled lizard skeleton crumbles into dust!
The endoplasm freezes you.
You are frozen.
The endoplasm writhes in agony.
The kobold throws a stone.
The stone closely misses you.
Your rat skeleton bites the endoplasm.
The endoplasm hits your rat skeleton.
Your rat skeleton is destroyed!
The endoplasm barely misses you.
The endoplasm quivers.
The endoplasm writhes in agony.
You kill the endoplasm!
The endoplasm writhes in agony.
You kill the endoplasm!
The kobold closely misses you.
The kobold writhes in agony!
You kill the kobold!
The dead are walking!
The worm barely resists.
The worm writhes in agony.
Your kobold skeleton barely misses the worm.
The worm writhes in agony.
Your kobold skeleton barely misses the worm.
The worm bites you!
You are too injured to fight recklessly!
You are too injured to fight recklessly!
You are too injured to fight recklessly!
You hit the worm.
The worm is poisoned.
The worm is moderately wounded.
Your kobold skeleton hits the worm but does no damage.
The worm closely misses you.
You hit the worm.
The worm looks as sick as possible!
The worm is moderately wounded.
Your kobold skeleton hits the worm.
You hit the worm.
The worm looks as sick as possible!
The worm is severely wounded.
The worm bites you!
You die...

#.# #...........Z..#
..# ##############.#
### #..Z.........#
## #.############
.######## #..#
........# ##'#
...####.# ♣♣♣.♣♣
..>.## ♣♣♣...$♣♣
.....# ♣.....@.♣
.....# ♣?...♣.w..♣
....<# ♣..~~~.~Z.!.+
....## ♣..~...~...♣#
....# ♣...~.♣.~...♣
..#...#♣...~...~..♣♣
.####.+$...~.~~~..♣
.# ## ...♣....♣♣ .#


You could see a worm (extremely poisoned, ally target) and a friendly kobold
skeleton.

Vanquished Creatures
  A worm (D:1)
  A dart slug (D:1)
  3 ball pythons (D:1)
  5 endoplasms
  A giant cockroach (D:2)
  3 goblins (D:1)
  6 hobgoblins
  2 quokkas
  A bat (D:1)
  2 frilled lizards (D:2)
  A kobold (D:2)
  3 rats (D:2)
29 creatures vanquished.

Notes
Turn   | Place    | Note
-------+----------+-------------------------------------------
     0 | D:1      | fantasyman the Demigod Necromancer began the quest for the
                  | Orb.
     0 | D:1      | Reached XP level 1. HP: 14/14 MP: 5/5
   277 | D:1      | Reached XP level 2. HP: 18/20 MP: 4/7
   522 | D:1      | Reached skill level 4 in Necromancy
  1574 | D:2      | Reached XP level 3. HP: 26/26 MP: 6/8
  1620 | D:2      | Slain by a worm

Illustrated notes

Levels and vault maps discovered:
D:1:      minmay_arrival_wavy_path, layout_loops_corners,
          chequers_ecumenical_altar_lobes, nicolae_wormholes
D:2:      layout_loops_ring, kennysheep_potato

Skill      XL: |  1  2 |
---------------+-------+-----
Spellcasting   | 2 |  2.2
Necromancy     | 4 |  4.2
Stealth        | 2 |  2.0
Fighting       | |  0.2
Dodging        | |  1.9

Action                   || total
-------------------------++-------
Melee: Dagger            ||    10
 Cast: Necrotise         ||    56
Armor: Robe              ||     2
Dodge: Dodged            ||    13
